 Dungeon Crawl Stone Soup version 0.28-a0-655-g4eb62b627b (webtiles) character file.

Game seed: 15996063218348062078

1480 Zenkrye the Cruncher (level 9, -8/65 HPs)
             Began as a Formicid Fighter on Oct 12, 2021.
             Was a Follower of Okawaru.
             Mangled by Edmund (25 damage)
             ... on level 6 of the Dungeon.
             The game lasted 00:18:29 (6600 turns).

Zenkrye the Cruncher (Formicid Fighter)             Turns: 6600, Time: 00:18:30

Health: -8/65      AC: 10    Str: 21    XL:     9   Next: 7%
Magic:  0/9        EV:  7    Int:  9    God:    Okawaru [*.....]
Gold:   169        SH:  5    Dex: 12    Spells: 8/8 levels left

rFire   . . .      SeeInvis +   a - +1 quarterstaff
rCold   . . .      Faith    .   m - +0 buckler
rNeg    . . .      Spirit   +   k - +0 chain mail
rPois   .          Reflect  .   (helmet unavailable)
rElec   .          Harm     .   l - scarf {repulsion}
rCorr   .          Rampage  .   (no gloves)
Will    .....                   f - +0 pair of boots
Stlth   ..........              d - amulet of guardian spirit
HPRegen 0.20/turn               (no ring)
MPRegen 0.11/turn               (no ring)

@: very slightly contaminated, invisible, repel missiles
A: permanent stasis, dig shafts and tunnels, antennae 3, four strong arms
a: Dig, Shaft Self, Renounce Religion, Heroism


You were on level 6 of the Dungeon.
You worshipped Okawaru.
Okawaru was aware of your devotion.
You visited 2 branches of the dungeon, and saw 7 of its levels.

You collected 169 gold pieces.

Inventory:

Hand Weapons
 a - a +1 quarterstaff (weapon)
Missiles
 g - 2 throwing nets {!f}
 o - 43 bolts
 r - 9 poisoned darts (quivered)
 v - 10 boomerangs
Armour
 f - a +0 pair of boots (worn)
 h - a +0 cloak
 k - a +0 chain mail (worn)
 l - a scarf of repulsion (worn)
 m - a +0 buckler (worn)
Jewellery
 c - a ring of ice
 d - an amulet of guardian spirit (around neck)
Wands
 u - a wand of digging (7) {@v1}
Scrolls
 p - a scroll of enchant weapon
 q - a scroll of holy word
 t - a scroll of magic mapping
Potions
 e - 2 potions of heal wounds {@q2}
 j - a potion of curing {@q1}
 n - 2 potions of lignification {unknown}


   Skills:
 + Level 4.1 Fighting
 * Level 10.1 Staves
 + Level 4.1 Armour
 + Level 4.5 Shields


You had 8 spell levels left.
You didn't know any spells.
Your spell library was empty.

Dungeon Overview and Level Annotations

Branches:
Dungeon (6/15)             Temple (1/1) D:5

Altars:
Ashenzari
Cheibriados
Elyvilon
Gozag
Hepliaklqana
Kikubaaqudgha
Makhleb
Nemelex Xobeh
Okawaru
Qazlal
Ru
Sif Muna
Trog
Xom
Yredelemnul
Zin
The Shining One

Shops:
D:5 (   D:6 *

Annotations:
D:3 1 runed translucent door, Crazy Yiuf, Eustachio
D:6 Duvessa, Edmund


Innate Abilities, Weirdness & Mutations

You cannot be hasted, slowed, berserked, paralysed or teleported.
You can dig through walls and to a lower floor.
You have a pair of large antennae on your head. (SInv)
Your four strong arms can wield two-handed weapons with a shield.


Message History

Things that are here:
a +0 whip; an orc corpse You sense a monster nearby.
A bullfrog skeleton comes into view.
Edmund shouts!
You thump the bullfrog skeleton!
The bullfrog skeleton is heavily damaged.
The bullfrog skeleton hits you but does no damage.
You sock the bullfrog skeleton!
You destroy the bullfrog skeleton!
Okawaru accepts your kill.
No target in view!
Throw: 11 darts (poison)
Press: ? - help, Q - select action, (/) - cycle Shift-Dir - straight line, f - Edmund
Aim: Edmund, wielding a +5 dire flail and wearing a +0 scale mail (61% to hit)
You throw a poisoned dart. The poisoned dart hits Edmund.
Edmund is poisoned.
Edmund drinks a potion.
Edmund goes berserk!
Throw: 10 darts (poison)
Press: ? - help, Q - select action, (/) - cycle Shift-Dir - straight line, f/p - Edmund
Aim: Edmund, wielding a +5 dire flail and wearing a +0 scale mail (lightly wounded, berserk, poisoned, 63% to hit)
You throw a poisoned dart.
The poisoned dart closely misses Edmund.
You closely miss Edmund.
Edmund is lightly wounded.
Edmund hits you with a +5 dire flail!!
You barely miss Edmund.
Edmund is lightly wounded.
Edmund hits you but does no damage.
You sock Edmund!
Edmund is lightly wounded.
Edmund hits you with a +5 dire flail!!
You fade into invisibility!
You block Edmund's attack. Edmund hits you with a +5 dire flail.
You are very lightly contaminated with residual magic.
Edmund hits you with a +5 dire flail!
* * * LOW HITPOINT WARNING * * *
Edmund looks more healthy.
Edmund barely misses you. Edmund hits you with a +5 dire flail!!
You die...

#.#.. ..###....... #.#.#
#.#.#....... #.#.#
#.#.(.......
##.#.########)#.#....... .
.#...........))#.#....... .
#.#..#.#######....#.......
#.#<.#..[.........#.......
#.#..#########Z..##.......
#.#.........@@......######
#.##.#########...############
#####.#......... +...+
........
......#..#########...#
#......$
####.....<.......####.#
#....... #.##.####...#.# .#
#....... #.##.# #...#.# ..
........ #.##.# #...#.# #
#....... ####.##.# #...#.#
+.....e.


You could see Edmund (berserk) and a hornet zombie.

Vanquished Creatures
  Prince Ribbit (D:5)
  Sigmund (D:5)
  Menkaure (D:5)
  A black bear (D:5)
  An ice beast (D:6)
  A sky beast (D:4)
  Blork the orc (D:5)
  A wyvern skeleton (D:5)
  A water moccasin skeleton (D:6)
  Dowan (D:6)
  3 wights (D:6)
  2 orc priests (D:5)
  2 hounds
  A bullfrog skeleton (D:6)
  An iguana (D:5)
  3 orc wizards
  Robin (D:2)
  7 adders
  A white imp (D:5)
  2 worms (D:2)
  5 dart slugs
  13 orcs
  6 bats
  A bat zombie (D:3)
  4 endoplasms
  5 giant cockroaches
  9 goblins
  4 hobgoblins
  7 kobolds
  4 quokkas
  7 ball pythons
  3 frilled lizards
  5 rats
  3 rat zombies (D:3)
109 creatures vanquished.

Vanquished Creatures (others)
  A hobgoblin (D:3)
  A fungus (D:3)
2 creatures vanquished.

Grand Total: 111 creatures vanquished

Notes
Turn   | Place    | Note
-------+----------+-------------------------------------------
     0 | D:1      | Zenkrye the Formicid Fighter began the quest for the Orb.
     0 | D:1      | Reached XP level 1. HP: 18/18 MP: 1/1
   109 | D:1      | Reached XP level 2. HP: 15/24 MP: 2/2
   468 | D:1      | Found a faded altar of an unknown god.
   482 | D:1      | Reached skill level 3 in Staves
   709 | D:1      | Reached XP level 3. HP: 29/29 MP: 3/3
  1503 | D:2      | Reached skill level 4 in Staves
  1503 | D:2      | Reached XP level 4. HP: 24/34 MP: 4/4
  1835 | D:3      | Noticed Robin
  1888 | D:2      | Killed Robin
  2283 | D:3      | Reached XP level 5. HP: 36/41 MP: 5/5
  2562 | D:3      | Reached skill level 5 in Staves
  2791 | D:3      | Found an ancient bone altar of Kikubaaqudgha.
  2894 | D:3      | Found a shimmering blue altar of Sif Muna.
  3147 | D:3      | Found a runed translucent door.
  3148 | D:3      | Noticed Crazy Yiuf
  3292 | D:4      | Noticed Eustachio
  3337 | D:5      | Entered Level 5 of the Dungeon
  3337 | D:5      | Noticed a sky beast
  3581 | D:5      | Noticed Menkaure
  3608 | D:5      | Reached skill level 6 in Staves
  3608 | D:5      | Reached XP level 6. HP: 30/47 MP: 6/6
  3989 | D:4      | Found a glowing silver altar of Zin.
  4253 | D:5      | Noticed Sigmund
  4292 | D:6      | Found a broken altar of Ashenzari.
  4324 | D:6      | Noticed Edmund
  4411 | D:5      | Noticed Blork the orc
  4429 | D:4      | Killed a sky beast
  4430 | D:4      | Reached skill level 7 in Staves
  4430 | D:4      | Reached XP level 7. HP: 18/52 MP: 7/7
  4663 | D:5      | Killed Menkaure
  4877 | D:5      | Killed Blork the orc
  4892 | D:5      | Reached skill level 8 in Staves
  5170 | D:5      | Found Yrhinor's Antique Weapon Boutique.
  5294 | D:5      | Killed Sigmund
  5295 | D:5      | Reached XP level 8. HP: 58/58 MP: 8/8
  5336 | D:5      | Found a staircase to the Ecumenical Temple.
  5441 | D:5      | Noticed Prince Ribbit
  5462 | D:5      | Killed Prince Ribbit
  5463 | D:5      | Reached skill level 9 in Staves
  5670 | Temple   | Entered the Ecumenical Temple
  5895 | Temple   | Became a worshipper of Warmaster Okawaru
  6297 | D:6      | Found a burning altar of Makhleb.
  6297 | D:6      | Noticed a blizzard demon
  6315 | D:6      | Noticed Dowan
  6316 | D:6      | Noticed Duvessa
  6320 | D:6      | Found Meblal Wuyc's Assorted Antiques.
  6353 | D:6      | Killed Dowan
  6502 | D:6      | Reached * piety under Okawaru
  6503 | D:6      | Reached skill level 10 in Staves
  6507 | D:6      | Reached XP level 9. HP: 55/64 MP: 5/9
  6600 | D:6      | Mangled by Edmund

Illustrated notes

Levels and vault maps discovered:
D:1:      ncdulo_watergridlock, layout_loops_ring, basic_ecumenical_altar
D:2:      layout_loops_cross
D:3:      minmay_inner_zag, layout_loops_ring, kennysheep_orc_sif_temple,
          lemuel_zombie_altar_kikubaaqudgha, amcnicky_mini_corridor_feature,
          feat_on_display, uniq_robin, uniq_crazy_yiuf_cottage
D:4:      layout_rooms, zin_scriptorium, uniq_eustachio
D:5:      layout_basic, minmay_temple_entry_purple_smoke, serial_shops, shop,
          uniq_menkaure, uniq_prince_ribbit1, uniq_sigmund, uniq_blork_the_orc
D:6:      layout_basic, cheibrodos_ashenzari_chains, makhleb_altar_promises_db,
          grunt_temple_overflow_open, serial_shops, nicolae_shop_stone,
          uniq_edmund, uniq_duvessa
Temple:   minmay_temple_bridge_abc

Skill      XL: |  1  2  3  4  5  6  7  8 |
---------------+-------------------------+-----
Staves         | 3 4 6 7 8 10 | 10.1
Shields        | 4 |  4.5
Fighting       | 4 |  4.1
Armour         | 4 |  4.1

Action                   |  1- 3 |  4- 6 |  7- 9 || total
-------------------------+-------+-------+-------++-------
Melee: Quarterstaff      |    79 |   160 |   113 ||   352
Throw: Boomerang         |    14 |     1 |     4 ||    19
       Dart              |       |    10 |    26 ||    36
Invok: Heroism           |       |       |     1 ||     1
 Abil: Dig               |       |     2 |     2 ||     4
  Use: Scroll            |     1 |     6 |     2 ||     9
       Potion            |       |       |     2 ||     2
Armor: Scale mail        |    22 |       |       ||    22
       Chain mail        |     8 |   114 |    50 ||   172
Dodge: Dodged            |    29 |    52 |    23 ||   104
       Repelled          |       |     2 |       ||     2
Block: Buckler           |    17 |    41 |    15 ||    73

Table legend: (Time is in decaauts)
 A = Elapsed time spent in this place.
 B = Non-inter-level travel time spent in this place.
 C = Inter-level travel time spent in this place.
 D = Time resting spent in this place.
 E = Time spent auto-exploring this place.
 F = Levels seen in this place.
 G = Mean time per level.
                   A        B        C        D        E       F      G
               +--------+--------+--------+--------+--------+-----+--------+
         Total |   6622 |   6232 |    390 |    733 |   4253 |   7 |  946.0 |
       Dungeon |   6374 |   6022 |    352 |    733 |   4049 |   6 | 1062.3 |
        Temple |    248 |    210 |     38 |      0 |    204 |   1 |  248.0 |
               +--------+--------+--------+--------+--------+-----+--------+

Top non-repeatable levels by time:
     D:5: 1587 daAuts
     D:3: 1380 daAuts
     D:4: 1099 daAuts
     D:1: 1049 daAuts
     D:2: 832 daAuts
     D:6: 425 daAuts
  Temple: 248 daAuts
